 Dungeon Crawl Stone Soup version 0.17-a0-1648-g0a089d4 (webtiles) character file.

68 karlkraus the Shield-Bearer (level 4, -2/40 HPs)
             Began as a Minotaur Fighter on Aug 13, 2015.
             Slain by a river rat (6 damage)
             ... on level 3 of the Dungeon.
             The game lasted 00:02:46 (1433 turns).

karlkraus the Shield-Bearer (Minotaur Fighter)      Turns: 1433, Time: 00:02:47

Health: -2/40      AC:  7    Str: 19 (20) XL:     4   Next: 1%
Magic:  3/3        EV:  7    Int:  5      God:
Gold:   104        SH:  9    Dex: 11      Spells: 0 memorised, 3 levels left

rFire  . . .     SeeInvis .     a - +1 flail
rCold  . . .     Clarity  .     b - +0 scale mail
rNeg   . . .     SustAt   .     c - +0 shield
rPois  .         Gourm    .     (helmet restricted)
rElec  .         Spirit   .     (no cloak)
rCorr  .         Warding  .     (no gloves)
rMut   .         Stasis   .     (no boots)
MR     .....                    (no amulet)
Stlth  ..........               (no ring)
                                (no ring)

@: not resistant to hostile enchantments, extremely unstealthy
A: retaliatory headbutt, horns 2
a: no special abilities


You were on level 3 of the Dungeon.
You were hungry.

You visited 1 branch of the dungeon, and saw 3 of its levels.

You collected 104 gold pieces.

Inventory:

Hand weapons
 a - a +1 flail (weapon)
Armour
 b - a +0 scale mail (worn)
 c - a +0 shield (worn)
Jewellery
 j - a +2 ring of dexterity {unknown}
Magical devices
 n - a wand of flame (15)
Scrolls
 g - 2 scrolls of remove curse
Potions
 d - a potion of might
 h - 2 potions of poison {unknown}
 i - a potion of heal wounds {unknown}
 k - 2 potions of flight
 l - a potion of brilliance {unknown}
Comestibles
 e - 4 bread rations
 f - 2 meat rations
 m - 2 chunks of flesh
 r - a royal jelly


   Skills:
 + Level 4.3 Fighting
 + Level 2.9 Maces & Flails
 + Level 4.1 Armour
 + Level 0.9 Dodging
 + Level 0.1 Stealth
 + Level 4.4 Shields


You had 3 spell levels left.
You didn't know any spells.

Dungeon Overview and Level Annotations

Branches:
Dungeon (3/15)

Altars:

Portals:
Sewer: D:3


Innate Abilities, Weirdness & Mutations

You reflexively headbutt those who attack you in melee.
You have a pair of horns on your head.


Message History

You closely miss the ball python. The ball python bites you.
* * * LOW HITPOINT WARNING * * *
You block the ball python's attack. You block the river rat's attack.
The ball python bites you but does no damage.
The ball python grabs you. The ball python constricts you.
Your attempt to break free from the ball python fails, but you feel that another attempt might succeed.
The ball python barely misses you. The ball python constricts you.
The river rat bites you but does no damage.
Unknown command.
You barely miss the ball python. You block the ball python's attack.
The ball python constricts you. You block the river rat's attack.
You sock the ball python!
You kill the ball python!
You block the river rat's attack.
A rat and a giant cockroach come into view.
The river rat bites you.
* * * LOW HITPOINT WARNING * * *
Your scale mail prevents you from hitting the river rat.
You block the river rat's attack. The river rat bites you.
You die...

..........##.##
....≈≈≈s..>....
...≈≈≈≈≈...#.####.
#(.≈≈∩≈r..........
#..≈≈≈≈≈..........
#...≈≈≈.........
#.........#...
#.....r@..#.###
##..###...†...#
#.###.#.# #.#...#
# #.<)..#
.######.#.#
.......<..#
###########


You could see a river rat, a giant cockroach and a rat.

Vanquished Creatures
  2 adders (D:2)
  2 river rats (D:3)
  A worm (D:2)
  3 bats
  3 giant cockroaches
  4 hobgoblins
  A ball python (D:3)
  3 giant newts (D:1)
  3 goblins
  7 kobolds
  A quokka (D:2)
  6 rats
36 creatures vanquished.

Notes
Turn   | Place    | Note
--------------------------------------------------------------
     0 | D:1      | karlkraus the Minotaur Fighter began the quest for the Orb.
     0 | D:1      | Reached XP level 1. HP: 19/19 MP: 0/0
   266 | D:1      | Reached XP level 2. HP: 27/27 MP: 1/1
   462 | D:1      | Reached skill level 4 in Shields
  1004 | D:2      | Reached XP level 3. HP: 15/33 MP: 2/2
  1408 | D:3      | Found a glowing drain.
  1423 | D:3      | Reached XP level 4. HP: 9/40 MP: 3/3
  1433 | D:3      | Slain by a river rat

Vault maps used:
D:1:      dpeg_arrival_round_c
D:2:      first_bread
D:3:      wad_woods_stonehenge, portal_sewer_entry_a, ecumenical_altar_1

Action                   |  1- 3 |  4- 6 || total
-------------------------+-------+-------++-------
Melee: Flail             |    98 |     4 ||   102
  Use: Scroll            |     7 |       ||     7
       Potion            |     4 |       ||     4
  Eat: Chunk             |     1 |       ||     1
